 Dungeon Crawl Stone Soup version 0.24-a0-584-g9d6b971ae4 (webtiles) character file.

Game seed: 429665011598577539, levelgen mode: deterministic

643299 Peloso the Minotaur Barricade (level 27, -2/273 HPs)
             Began as a Minotaur Fighter on Sept 1, 2019.
             Was the Champion of Okawaru.
             Slain by an azure jelly (20 damage)
             ... created by the Royal Jelly
             ... on level 5 of the Pits of Slime.
             The game lasted 04:45:22 (67581 turns).

Peloso the Minotaur Barricade (Minotaur Fighter)   Turns: 67581, Time: 04:45:36

Health: -2/273     AC: 17    Str: 38    XL:     27
Magic:  24/24      EV: 17    Int:  9    God:    Okawaru [******]
Gold:   6023       SH: 30    Dex:  9    Spells: 26/26 levels left

rFire    + . .     SeeInvis +   a - +7 Singing Sword {slice, sonic wave}
rCold    + . .     Gourm    +   c - +1 large shield {rPois}
rNeg     + + +     Faith    .   X - +6 plate armour "Yjoet" {+Blink rN+++ Regen+ Str+5}
rPois    +         Spirit   .   J - +3 crown of Dyrovepreva {rElec Int+2 SInv}
rElec    +         Reflect  .   M - scarf {rC+ rF+}
rCorr    +         Harm     .   K - +1 pair of gloves {Str+3}
MR       +++..     Rnd*Rage +   P - +1 pair of boots {Stlth+}
Stlth    ++........             S - amulet "Cerruitz" {Gourm +Blink rN++ MR+ Dex-3}
HPRegen  0.00/turn              T - ring of Shadows {Umbra +Inv Stlth+}
MPRegen  0.19/turn              t - ring "Nyfogudyd" {rCorr Int+2}

@: heroism, corroded, berserk cooldown, hasted and slowed, wreathed by umbra
A: retaliatory headbutt, horns 2, berserk 1, blurry vision 1, clumsy 1,
deterioration 1, inhibited regeneration, no potion heal 1
}: 3/15 runes: decaying, silver, gossamer
a: Heroism, Finesse, Renounce Religion, Evoke Blink, Evoke Invisibility


You were on level 5 of the Pits of Slime.
You worshipped Okawaru.
Okawaru was exalted by your worship.
You were not hungry.

You visited 11 branches of the dungeon, and saw 53 of its levels.
You visited the Abyss 1 time.
You also visited: Ossuary, Gauntlet, Ice Cave, Volcano and Desolation.

You collected 6826 gold pieces.
You spent 803 gold pieces at shops.

Inventory:

Hand Weapons
 a - the +7 Singing Sword (weapon) {slice, sonic wave}
   (You took it off a deep elf archer on level 3 of the Elven Halls)

   It inflicts extra damage upon your enemies.
 b - a +9 double sword of flaming
Armour
 c - a +1 large shield of poison resistance (worn)
 J - the +3 crown of Dyrovepreva (worn) {rElec Int+2 SInv}
   (You found it in a Gauntlet)

   It affects your intelligence (+2).
   It insulates you from electricity.
   It lets you see invisible.
 K - a +1 pair of gloves of strength (worn)
 M - a scarf of resistance (worn)
 P - a +1 pair of boots of stealth (worn)
 Q - the +10 large shield of Ignorance {rN+ Int-4}
   (You found it on level 3 of the Crypt)

   It affects your intelligence (-4).
   It protects you from negative energy.
 X - the +6 plate armour "Yjoet" (worn) {+Blink rN+++ Regen+ Str+5}
   (Okawaru gifted it to you on level 4 of the Swamp)

   It affects your strength (+5).
   It renders you almost immune to negative energy.
   It lets you blink.
   It increases your rate of regeneration.
Jewellery
 g - an uncursed amulet of harm
 l - an uncursed amulet of magic regeneration
 t - the ring "Nyfogudyd" (right hand) {rCorr Int+2}
   (You found it on level 4 of the Vaults)

   [ring of resist corrosion]

   It affects your intelligence (+2).
   It provides partial protection from all sources of acid and corrosion.
 A - the ring of Naremurph {MR+ Int+3 Dex+2 Stlth+}
   (You found it on level 2 of the Swamp)

   [ring of stealth]

   It affects your intelligence (+3).
   It affects your dexterity (+2).
   It affects your resistance to hostile enchantments.
   It makes you more stealthy.
 D - an uncursed ring of flight
 S - the amulet "Cerruitz" (around neck) {Gourm +Blink rN++ MR+ Dex-3}
   (You found it on level 3 of the Swamp)

   [amulet of the gourmand]

   It allows you to eat raw meat even when not hungry.
   It affects your dexterity (-3).
   It greatly protects you from negative energy.
   It affects your resistance to hostile enchantments.
   It lets you blink.
 T - the ring of Shadows (left hand) {Umbra +Inv Stlth+}
   (You found it on level 3 of the Lair of Beasts)

   [ring of stealth]

   It lets you turn invisible.
   It makes you more stealthy.
Wands
 m - a wand of digging (1)
Scrolls
 h - 13 scrolls of teleportation
 n - 5 scrolls of magic mapping
 u - 28 scrolls of remove curse
 v - 6 scrolls of identify
 x - 9 scrolls of noise
 G - 6 scrolls of blinking
Potions
 e - 24 potions of curing
 k - 9 potions of resistance
 q - 2 potions of haste
 r - 5 potions of flight
 s - 15 potions of heal wounds
 C - 4 potions of agility
 I - 11 potions of mutation
 L - 2 potions of invisibility
 R - 2 potions of berserk rage
 V - 11 potions of might
Comestibles
 f - 86 rations


   Skills:
 O Level 27 Fighting
   Level 1.0(22.4) Short Blades
 O Level 27 Long Blades
 + Level 26.0(27) Armour
 + Level 12.4(17.4) Dodging
 + Level 3.3(8.3) Stealth
 O Level 27 Shields
 + Level 3.5 Invocations
 + Level 3.8 Evocations


You had 26 spell levels left.
You didn't know any spells.
Your spell library contained the following spells:

 Spells                   Type           Power        Failure   Level  Hunger
 Animate Skeleton         Necr           N/A          65%         1    ##.....
 Apportation              Tloc           #.....       65%         1    ##.....
 Confusing Touch          Hex            #.....       65%         1    ##.....
 Corona                   Hex            #......      65%         1    ##.....
 Flame Tongue             Conj/Fire      #....        65%         1    ##.....
 Freeze                   Ice            #...         65%         1    ##.....
 Pain                     Necr           #...         65%         1    ##.....
 Sandblast                Erth           #.....       65%         1    ##.....
 Shock                    Conj/Air       #...         65%         1    ##.....
 Summon Butterflies       Summ           #.......     65%         1    ##.....
 Summon Small Mammal      Summ           #...         65%         1    ##.....
 Corpse Rot               Necr           N/A          80%         2    ###....
 Poisonous Vapours        Pois/Air       #.....       80%         2    ###....
 Shroud of Golubria       Chrm/Tloc      #.....       80%         2    ###....
 Sticks to Snakes         Tmut           #.......     80%         2    ###....
 Sublimation of Blood     Necr           #.........   80%         2    ###....
 Swiftness                Chrm/Air       #.......     80%         2    ###....
 Throw Flame              Conj/Fire      #.....       80%         2    ###....
 Call Canine Familiar     Summ           #.......     95%         3    ####...
 Conjure Flame            Conj/Fire      #.......     95%         3    ####...
 Gell's Gravitas          Tloc           #.........   95%         3    ####...
 Ignite Poison            Fire/Tmut/Pois #.......     95%         3    ####...
 Inner Flame              Hex/Fire       #.......     95%         3    ####...
 Mephitic Cloud           Conj/Pois/Air  #.......     95%         3    ####...
 Portal Projectile        Hex/Tloc       #.....       95%         3    ####...
 Recall                   Summ/Tloc      N/A          95%         3    ####...
 Regeneration             Chrm/Necr      #.........   95%         3    ####...
 Static Discharge         Conj/Air       #.......     95%         3    ####...
 Summon Guardian Golem    Hex/Summ       #.......     95%         3    ####...
 Tukima's Dance           Hex            #.......     95%         3    ####...
 Airstrike                Air            #.........   100%        4    #####..
 Animate Dead             Necr           N/A          100%        4    #####..
 Cause Fear               Hex            #.........   100%        4    #####..
 Force Lance              Conj/Tloc      #.......     100%        4    #####..
 Fulminant Prism          Conj/Hex       #.........   100%        4    #####..
 Ice Form                 Ice/Tmut       #.......     100%        4    #####..
 Leda's Liquefaction      Hex/Erth       #.........   100%        4    #####..
 Petrify                  Tmut/Erth      #.......     100%        4    #####..
 Sticky Flame             Conj/Fire      #.......     100%        4    #####..
 Summon Ice Beast         Ice/Summ       #.......     100%        4    #####..
 Summon Lightning Spire   Summ/Air       #.......     100%        4    #####..
 Agony                    Necr           #.......     100%        5    ######.
 Alistair's Intoxication  Tmut/Pois      #.......     100%        5    ######.
 Bolt of Draining         Conj/Necr      #.........   100%        5    ######.
 Bolt of Magma            Conj/Fire/Erth #.........   100%        5    ######.
 Borgnjor's Vile Clutch   Necr/Erth      #.........   100%        5    ######.
 Dispel Undead            Necr           #.......     100%        5    ######.
 Excruciating Wounds      Chrm/Necr      #.........   100%        5    ######.
 Fireball                 Conj/Fire      #.........   100%        5    ######.
 Irradiate                Conj/Tmut      #.........   100%        5    ######.
 Iskenderun's Battlesphe  Conj/Chrm      #.......     100%        5    ######.
 Lightning Bolt           Conj/Air       #.........   100%        5    ######.
 Metabolic Englaciation   Hex/Ice        #.........   100%        5    ######.
 Silence                  Hex/Air        #.........   100%        5    ######.
 Summon Mana Viper        Hex/Summ       #.......     100%        5    ######.
 Venom Bolt               Conj/Pois      #.........   100%        5    ######.
 Bolt of Cold             Conj/Ice       #.........   100%        6    #######
 Bolt of Fire             Conj/Fire      #.........   100%        6    #######
 Conjure Ball Lightning   Conj/Air       #.........   100%        6    #######
 Death Channel            Necr           #.........   100%        6    #######
 Deflect Missiles         Chrm/Air       #.........   100%        6    #######
 Dispersal                Tloc           #.........   100%        6    #######
 Freezing Cloud           Conj/Ice/Air   #.........   100%        6    #######
 Invisibility             Hex            #.......     100%        6    #######
 Iron Shot                Conj/Erth      #.........   100%        6    #######
 Ozocubu's Refrigeration  Ice            #.........   100%        6    #######
 Simulacrum               Ice/Necr       #.........   100%        6    #######
 Dragon Form              Tmut           #.........   100%        7    #######
 Haunt                    Necr/Summ      #.........   100%        7    #######
 Orb of Destruction       Conj           #.........   100%        7    #######
 Ring of Flames           Chrm/Fire      #.........   100%        7    #######
 Spellforged Servitor     Conj/Summ      #.........   100%        7    #######
 Summon Hydra             Summ           #.........   100%        7    #######
 Borgnjor's Revivificati  Necr           #.........   100%        8    #######
 Controlled Blink         Tloc           N/A          100%        8    #######
 Death's Door             Chrm/Necr      #.........   100%        8    #######
 Disjunction              Tloc           #.........   100%        8    #######
 Ignition                 Fire           #.........   100%        8    #######
 Infestation              Necr           #.........   100%        8    #######
 Necromutation            Tmut/Necr      #.........   100%        8    #######
 Dragon's Call            Summ           #.........   100%        9    #######
 Shatter                  Erth           #.........   100%        9    #######
 Tornado                  Air            #.........   100%        9    #######


Dungeon Overview and Level Annotations

Branches:
Dungeon (15/15)            Temple (1/1) D:4            Lair (6/6) D:10
  Swamp (4/4) Lair:2       Spider (4/4) Lair:4        Slime (5/5) Lair:5
    Orc (2/2) D:9             Elf (3/3) Orc:2        Vaults (5/5) D:13
  Crypt (3/3) Vaults:3       Tomb (0/3) Crypt:3      Depths (5/5) D:15
    Zot (0/5) Depths:5    Ossuary (visited)           IceCv (visited)
Volcano (visited)         Desolation (visited)      Gauntlet (visited)

Altars:
Ashenzari
Cheibriados
Dithmenos
Elyvilon
Fedhas
Gozag
Hepliaklqana
Kikubaaqudgha
Makhleb
Nemelex Xobeh
Okawaru
Qazlal
Ru
Sif Muna
Trog
Uskayaw
Vehumet
Wu Jian
Xom
Yredelemnul
Zin
The Shining One

Shops:
D:5 *   D:15 ?   Orc:2 :*[(%   Elf:2 *   Elf:3 [   Depths:1 **}:(
Depths:3 =}}%

Portals:
Hell: Depths:1 Depths:2 Depths:3 Depths:4 Depths:5
Abyss: Depths:3 Depths:4 Depths:5
Pandemonium: Depths:3
Ziggurat: Depths:3
Trove: Elf:2 (show slimy rune of Zot)


Innate Abilities, Weirdness & Mutations

You reflexively headbutt those who attack you in melee.
You have a pair of horns on your head.
You tend to lose your temper in combat.
Scrolls take you a little longer to read.
You are clumsy. (Dex -2)
Your body sometimes deteriorates upon taking damage.
You do not regenerate when monsters are visible.
Potions are less effective at restoring your health.


Message History

Unknown command.
Your system partially rejects the healing.
You feel much better. You block the azure jelly's attack.
The azure jelly completely misses you. The azure jelly barely misses you.
You block the azure jelly's attack. The acid blob hits you!
* * * LOW HITPOINT WARNING * * *
You are splashed with acid.
You resist.
* * * LOW HITPOINT WARNING * * *
The acid blob barely misses you. You furiously retaliate!
You headbutt the acid blob, but do no damage.
You riposte.
You slash the acid blob!
The acid blob is severely wounded.
The acid blob spits acid at you.
The splash of acid hits you but does no damage.
You are splashed with acid.
You resist.
* * * LOW HITPOINT WARNING * * *
You block the acid blob's attack. The azure jelly hits you!
* * * LOW HITPOINT WARNING * * *
The azure jelly freezes you!! You resist.
You die...

#....................
.....................
.....................
......................
......................
....................#.
..............<...###
.......JJJ.......##
.......J@J.......#
.......J.J......##
................#
...............##
.............###
.....##.....## .####
##.#### ###


You could see 4 acid blobs, 2 azure jellies and a death ooze.

Vanquished Creatures
  the Royal Jelly (Slime:5)
  2 ancient liches
  Mara (Vaults:4)
  Mennas (Depths:4)
  The ghost of Datakk Veap the Slayer, a master HuAK of Lugonu (Depths:4)
  Margery (Vaults:3)
  Saint Roka (Vaults:1)
  Xtahua (Crypt:2)
  The ghost of Usmir the Bewitcher, a master KoEn of Dithmenos (Depths:1)
  the Lernaean hydra (Swamp:3)
  The ghost of Sudaz the Slayer, a veteran MiGl of Okawaru (Vaults:1)
  Nikola (Vaults:3)
  5 caustic shrikes
  A golden dragon (Depths:5)
  Jory (Crypt:2)
  A bone dragon (Crypt:3)
  The ghost of Viusuagh the Fencer, an adept MiSk of Cheibriados (Vaults:1)
  6 liches
  Rupert (Lair:4)
  Jorgrun (Swamp:2)
  10 tentacled monstrosities
  Asterion (Elf:3)
  The ghost of Neal the Champion of Chaos, an adept DDFi of Makhleb (Vaults:1)
  2 deep elf blademasters
  2 deep elf master archers (Elf:3)
  4 quicksilver dragons
  5 titans
  8 acid blobs
  5 sphinxes
  6 thorn hunters
  7 shadow dragons
  A tengu reaver (Vaults:5)
  5 storm dragons
  The ghost of ijan1 the Fencer, an adept FoFi of Nemelex Xobeh (Spider:4)
  6 revenants
  The ghost of hcgyg4s the Imperceptible, an adept SpEn of Wu Jian (Vaults:1)
  12 azure jellies
  3 iron dragons
  15 fire giants
  6 deep elf sorcerers
  14 vault wardens
  9 frost giants
  5 ghost moths
  A draconian scorcher (Depths:5)
  Aizul (Vaults:4)
  6 emperor scorpions (Spider:4)
  A curse skull (Crypt:2)
  7 deep elf elementalists
  Louise (Depths:3)
  3 cacodemons (Depths:4)
  2 imperial myrmidons (Desolation)
  2 orc warlords (Orc:1)
  21 ironheart preservers
  A draconian annihilator (Depths:5)
  2 spriggan defenders (Depths:2)
  4 entropy weavers
  22 very ugly things
  10 ghouls
  5 war gargoyles
  4 deep elf demonologists (Elf:3)
  10 vampire knights
  27 stone giants
  2 large abominations (D:15)
  2 grey draconians (Depths:5)
  Nessos (D:13)
  7 deep elf annihilators
  Azrael (D:13)
  2 yellow draconians (Depths:5)
  2 purple draconians (Depths:5)
  A minotaur (Gauntlet)
  16 spark wasps
  8 crystal guardians
  2 white draconians (Depths:5)
  A minotaur (shapeshifter) (Vaults:5)
  8 deep elf death magi
  2 eidola
  A quicksilver dragon zombie (Crypt:1)
  17 jiangshi
  8 ettins
  9 death oozes
  15 fire dragons
  Josephine (D:11)
  6 ragged hierophants (Desolation)
  7 deep elf high priests
  19 yaktaur captains
  10 great orbs of eyes
  39 vault guards
  18 hydras
  Fannar (Orc:1)
  4 rakshasas
  4 ghost crabs
  4 spriggan air magi
  21 ice dragons
  9 peacekeepers (Desolation)
  2 shambling mangroves (Swamp:2)
  12 centaur warriors
  24 ogre magi
  3 catoblepae (Lair:6)
  6 servants of whispers (Desolation)
  4 death knights
  7 death yaks (Lair:6)
  6 deep troll shamans
  5 tengu warriors
  9 vampire magi
  65 two-headed ogres
  39 dancing weapons
  17 alligators
  9 deep troll earth magi
  3 small abominations
  3 orc high priests
  2 soul eaters
  9 spriggan berserkers
  2 titan zombies (Crypt:3)
  37 deep elf knights
  20 hell knights
  A salamander mystic (Volcano)
  A spark wasp zombie (Crypt:2)
  9 iron trolls
  31 skeletal warriors
  A death drake (Swamp:3)
  3 shadow wraiths
  7 glowing orange brains
  12 swamp dragons (Swamp:4)
  9 flayed ghosts
  3 death drakes (shapeshifter)
  3 unseen horrors
  51 deep trolls
  A gelid demonspawn (Depths:3)
  7 wizards
  2 spriggan druids
  21 deep elf archers
  3 spectral hydras (Swamp:3)
  12 phantasmal warriors
  12 orc knights
  20 ironbrand convokers
  73 deep elf magi
  10 cyclopes
  13 orb spiders
  26 wolf spiders
  A frost giant zombie (Crypt:1)
  2 shining eyes
  12 necromancers
  33 ugly things
  11 orc sorcerers
  6 salamanders (Volcano)
  3 manticores
  3 oklob plants
  5 elephants (Lair:5)
  2 ice statues (IceCv)
  6 moths of wrath
  A stone giant skeleton (Crypt:1)
  A guardian serpent (shapeshifter) (Vaults:1)
  13 vault sentinels
  5 black mambas
  Maurice (D:8)
  2 torpor snails
  4 guardian serpents
  A molten gargoyle (Desolation)
  3 black mambas (shapeshifter)
  A shock serpent skeleton (Crypt:3)
  The ghost of skumtomte the Conjurer, a novice GrCj of Sif Muna (D:6)
  2 spiny frogs (shapeshifter)
  2 eyes of devastation
  3 gargoyles
  21 spiny frogs
  A dire elephant skeleton (Crypt:3)
  5 spectral swamp worms (Depths:2)
  A hellion (Depths:3)
  3 swamp worm zombies (Swamp:3)
  2 kobold demonologists (D:14)
  A rime drake (Lair:2)
  A catoblepas zombie (Crypt:1)
  50 yaktaurs
  2 efreet (D:15)
  10 freezing wraiths
  8 komodo dragons
  10 demonic crawlers
  14 ice devils
  A harpy zombie (Crypt:2)
  5 tengu conjurers
  2 queen bees (shapeshifter)
  A red devil (Depths:3)
  A troll (shapeshifter) (Vaults:1)
  3 meliai (D:15)
  29 jumping spiders
  5 trolls
  13 tyrant leeches
  A polar bear (Lair:6)
  A wind drake (shapeshifter) (Vaults:3)
  2 meliai (shapeshifter)
  17 blink frogs
  20 hornets
  A dream sheep (shapeshifter) (Vaults:5)
  108 slime creatures
  14 bog bodies
  2 ettin zombies
  69 saltlings
  3 spectral swamp dragons (Swamp:3)
  An ice dragon zombie (Crypt:3)
  2 alligator zombies (Swamp:3)
  2 fire dragon zombies
  3 raiju (shapeshifter)
  A harpy skeleton (Crypt:1)
  4 hippogriffs
  2 hydra skeletons (Crypt:3)
  An ettin skeleton (Crypt:2)
  A frost giant simulacrum (Vaults:5)
  61 redbacks
  25 flying skulls
  9 shadows
  An air elemental (Elf:1)
  2 centaur simulacra (D:14)
  An ice dragon skeleton (Crypt:3)
  A redback (shapeshifter) (Vaults:4)
  55 yaks
  7 spriggans
  2 water elementals
  A tarantella (shapeshifter) (Depths:2)
  35 tarantellas
  4 wyverns
  11 wraiths
  3 basilisks
  3 fire dragon skeletons
  A hog (shapeshifter) (D:15)
  A dire elephant simulacrum (Crypt:2)
  A fire bat (shapeshifter) (Depths:3)
  9 fire elementals
  8 golden eyes
  A golden eye (shapeshifter) (Depths:2)
  A human (D:10)
  5 hungry ghosts
  A basilisk (shapeshifter) (Vaults:2)
  A neqoxec (Depths:3)
  A human simulacrum (Vaults:2)
  2 tyrant leech zombies (Swamp:3)
  A steam dragon (D:12)
  14 vampire mosquitoes
  A torturous demonspawn zombie (Crypt:2)
  A monstrous demonspawn zombie (Crypt:2)
  15 swamp worms
  9 insubstantial wisps
  6 wargs
  8 spiny frog zombies (Swamp:3)
  2 hell hounds (D:13)
  2 water moccasins (shapeshifter)
  A merfolk zombie (Crypt:1)
  8 water moccasins
  5 acid dragons
  8 porcupines
  A monstrous demonspawn skeleton (Crypt:1)
  A merfolk skeleton (Crypt:1)
  A swamp drake (shapeshifter) (Depths:4)
  3 ice beasts
  2 sky beasts
  A spiny frog skeleton (Crypt:3)
  A hornet zombie (D:8)
  15 swamp drakes
  6 eyes of draining
  5 phantoms
  A sky beast (shapeshifter) (Depths:4)
  A black bear (shapeshifter) (Depths:2)
  53 ogres
  48 orc warriors
  An eye of draining (shapeshifter) (Depths:4)
  5 necrophages
  9 boggarts
  8 wolves (Lair:5)
  17 centaurs
  6 crocodiles
  5 big kobolds
  12 bullfrogs
  3 human skeletons
  2 earth elementals
  A wyvern zombie (D:14)
  A salamander skeleton (Crypt:1)
  2 spriggan zombies (Swamp:3)
  2 wyvern skeletons
  3 scorpions
  A scorpion (shapeshifter) (Depths:4)
  32 killer bees
  2 troll zombies (Swamp:3)
  An orc simulacrum (Vaults:1)
  24 wights
  2 electric eels
  5 howler monkeys
  A crimson imp (D:8)
  3 bullfrog zombies
  A wyvern simulacrum (D:14)
  6 centaur zombies
  10 hounds
  2 human zombies
  9 jellies
  A hound (shapeshifter) (Depths:4)
  2 quasits
  25 orc priests
  Ijyb (D:4)
  2 iron imps
  5 centaur skeletons
  4 bullfrog skeletons
  2 iguanas (D:9)
  10 worker ants
  37 orc wizards
  5 hell rats (Lair:6)
  A felid zombie (Crypt:2)
  An ogre zombie (Crypt:3)
  A tengu zombie (Crypt:2)
  A naga skeleton (Crypt:1)
  A spectral hound (D:6)
  A felid skeleton (Crypt:1)
  2 hound zombies (D:7)
  2 hound skeletons (D:5)
  6 mummies (Ossuary)
  2 worker ant zombies (D:11)
  16 adders
  3 gnolls
  A steam dragon zombie (Crypt:1)
  A shadow imp (D:5)
  9 white imps
  13 ufetubi
  5 oozes
  A worm zombie (Crypt:1)
  An adder zombie (D:8)
  A halfling skeleton (Crypt:2)
  6 worms
  A dart slug (D:2)
  An adder simulacrum (D:6)
  8 leopard geckos
  113 orcs
  3 giant cockroaches
  2 gnoll zombies (Ossuary)
  6 goblins
  9 hobgoblins
  5 jackals
  4 quokkas
  A ball python (D:1)
  A ball python zombie (D:5)
  2 bats (D:2)
  11 frilled lizards
  A hobgoblin zombie (Ossuary)
  A jackal skeleton (D:9)
  25 kobolds
  A kobold skeleton (Crypt:2)
  2 kobold zombies (Ossuary)
  An orc skeleton (Crypt:2)
  2 quokka skeletons
  2 quokka zombies
  6 rats
  A rat skeleton (Crypt:2)
  4 briar patches
  5 crawling corpses (Vaults:5)
  2 fungi (Lair:1)
  5 plants (Elf:2)
  3 withered plants
2766 creatures vanquished.

Vanquished Creatures (others)
  An emperor scorpion (Spider:2)
  An entropy weaver (Spider:3)
  A blizzard demon (IceCv)
  An ice dragon (Depths:3)
  An ogre mage (Vaults:2)
  A skeletal warrior (Crypt:3)
  A spriggan druid (Swamp:3)
  A deep elf mage (Elf:2)
  A spiny frog (Lair:5)
  A komodo dragon (Swamp:3)
  A tyrant leech (Swamp:4)
  An air elemental (Elf:2)
  An ice dragon skeleton (Crypt:2)
  A necrophage (Crypt:3)
  2 wolves (Lair:5)
  An orc priest (Vaults:3)
  An orc wizard (Orc:2)
  A white imp (IceCv)
  An ufetubus (IceCv)
  2 orcs
  A briar patch (Swamp:2)
  10 fungi
  27 plants
60 creatures vanquished.

Grand Total: 2826 creatures vanquished

Notes
Turn   | Place    | Note
-------+----------+-------------------------------------------
     0 | D:1      | Peloso the Minotaur Fighter began the quest for the Orb.
     0 | D:1      | Reached XP level 1. HP: 19/19 MP: 0/0
   110 | D:1      | Reached XP level 2. HP: 27/27 MP: 1/1
   820 | D:2      | Reached XP level 3. HP: 11/33 MP: 2/2
  1234 | D:2      | Reached XP level 4. HP: 31/40 MP: 3/3
  1790 | D:3      | Reached skill level 1 in Dodging
  1858 | D:3      | Reached XP level 5. HP: 46/46 MP: 4/4
  1963 | D:3      | Found a bloodstained altar of Trog.
  2061 | D:3      | Found a sacrificial altar of Ru.
  2227 | D:3      | Reached skill level 5 in Long Blades
  2631 | D:4      | Noticed Ijyb
  2642 | D:4      | Killed Ijyb
  2895 | D:4      | Reached XP level 6. HP: 37/53 MP: 5/5
  2921 | D:4      | Found a staircase to the Ecumenical Temple.
  2934 | Temple   | Entered the Ecumenical Temple
  3083 | D:4      | Reached skill level 5 in Armour
  3236 | D:3      | Reached skill level 5 in Shields
  3594 | D:4      | Reached XP level 7. HP: 55/60 MP: 6/6
  3725 | D:4      | Found a blossoming altar of Fedhas.
  3813 | D:5      | Entered Level 5 of the Dungeon
  3824 | D:5      | Reached skill level 5 in Fighting
  3914 | D:5      | Found a sand-covered staircase.
  3923 | Ossuary  | Entered an ossuary
  4477 | D:5      | Found Imocodos's Elemental Accessories.
  4827 | D:5      | Found a sparkling altar of Nemelex Xobeh.
  4830 | D:5      | Found a shimmering altar of Xom.
  4833 | D:5      | Found a basalt altar of Yredelemnul.
  5111 | D:5      | Paralysed by an orc wizard for 3 turns
  5120 | D:5      | Reached XP level 8. HP: 67/69 MP: 7/7
  5323 | D:6      | Found a radiant altar of Vehumet.
  5337 | D:6      | Found an iron altar of Okawaru.
  5346 | D:6      | Became a worshipper of Warmaster Okawaru
  5509 | D:6      | Found a glowing golden altar of the Shining One.
  5513 | D:6      | Found a hide-covered altar of Uskayaw.
  5541 | D:6      | Found a shadowy altar of Dithmenos.
  5814 | D:6      | Found a runed translucent gate.
  5814 | D:6      | Found a runed translucent gate.
  5815 | D:6      | Found a runed translucent gate.
  5817 | D:6      | Noticed skumtomte's ghost (novice GrCj)
  6130 | D:7      | Noticed a troll
  6168 | D:7      | Killed a troll
  6168 | D:7      | Reached * piety under Okawaru
  6760 | D:7      | Found an opulent altar of Gozag.
  6796 | D:6      | Reached XP level 9. HP: 52/78 MP: 8/8
  7289 | D:7      | Reached ** piety under Okawaru
  7678 | D:8      | Noticed a two-headed ogre
  7932 | D:8      | Killed a two-headed ogre
  7932 | D:8      | Reached skill level 10 in Long Blades
  8261 | D:8      | Reached XP level 10. HP: 75/88 MP: 9/9
  8278 | D:8      | Reached *** piety under Okawaru
  8362 | D:8      | Noticed Maurice
  8373 | D:8      | Killed Maurice
  8675 | D:8      | Reached skill level 1 in Invocations
  8999 | D:9      | Reached skill level 10 in Armour
  9000 | D:9      | Found an ancient bone altar of Kikubaaqudgha.
  9081 | D:9      | Identified the Papyrus of Feathers and Companions
  9111 | D:9      | Found a staircase to the Orcish Mines.
  9231 | D:9      | Reached **** piety under Okawaru
  9460 | D:9      | Reached skill level 10 in Shields
  9781 | D:10     | Entered Level 10 of the Dungeon
  9798 | D:10     | Found a shimmering blue altar of Sif Muna.
  9798 | D:10     | Noticed an oklob plant
  9911 | D:10     | Found a staircase to the Lair.
  9943 | D:10     | Reached XP level 11. HP: 55/95 MP: 10/10
 11063 | D:6      | Killed skumtomte's ghost
 11193 | D:11     | Noticed a four-headed hydra
 11197 | D:11     | Noticed a brown ugly thing
 11216 | D:10     | Killed a 12-headed hydra
 11216 | D:10     | Reached ***** piety under Okawaru
 11488 | D:10     | Killed a brown ugly thing
 11646 | D:11     | Received a gift from Okawaru
 11656 | D:11     | Got a scorched crystal plate armour {god gift}
 11662 | D:11     | Identified the +1 crystal plate armour "Damesiag" {+Fly
                  | Str+3 Slay+2} (Okawaru gifted it to you on level 11 of the
                  | Dungeon)
 11685 | D:11     | Reached skill level 1 in Evocations
 11711 | D:11     | Noticed Josephine
 11740 | D:11     | Killed Josephine
 12094 | D:11     | Noticed a two-headed ogre
 12109 | D:11     | Killed a two-headed ogre
 12136 | D:11     | Noticed a two-headed ogre
 12144 | D:11     | Killed a two-headed ogre
 12189 | D:11     | Reached skill level 10 in Fighting
 12530 | D:11     | Found a glowing golden altar of the Shining One.
 12776 | D:12     | Reached XP level 12. HP: 106/106 MP: 9/12
 12848 | D:12     | Found a gate leading to a gauntlet.
 12857 | Gauntlet | Entered a Gauntlet
 12857 | Gauntlet | Found a transporter.
 12861 | Gauntlet | Found a transporter.
 12862 | Gauntlet | Found a transporter.
 12866 | Gauntlet | Found a runed translucent door.
 12866 | Gauntlet | Found a runed translucent door.
 12877 | Gauntlet | Found a transporter.
 12879 | Gauntlet | Found a transporter.
 12890 | Gauntlet | Found a transporter.
 12907 | Gauntlet | Found a transporter.
 12917 | Gauntlet | Found a transporter.
 12927 | Gauntlet | Found a transporter.
 12941 | Gauntlet | Found a transporter.
 12950 | Gauntlet | Found a transporter.
 12952 | Gauntlet | Found a transporter.
 13032 | Gauntlet | Found a transporter.
 13035 | Gauntlet | Found a transporter.
 13355 | Gauntlet | Got an ancient wooden ring
 13359 | Gauntlet | Got a fine amber ring
 13363 | Gauntlet | Identified the ring of Jotaps {*Tele rPois rN+} (You found
                  | it in a Gauntlet)
 13365 | Gauntlet | Identified the ring "Lyonir" {AC+4 Dex+3} (You found it in
                  | a Gauntlet)
 13432 | Gauntlet | Noticed a minotaur
 13444 | Gauntlet | Killed a minotaur
 13476 | Gauntlet | Identified the Grimoire of Dark Curses
 13477 | Gauntlet | Found the +3 crown of Dyrovepreva {rElec Int+2 SInv}
 14513 | Lair:1   | Entered Level 1 of the Lair of Beasts
 14702 | Lair:1   | Found a bloodstained altar of Trog.
 15124 | Lair:1   | Noticed a seven-headed hydra
 15158 | Lair:1   | Killed an 18-headed hydra
 15158 | Lair:1   | Received a gift from Okawaru
 15443 | Lair:1   | Noticed a five-headed hydra
 15457 | Lair:1   | Killed an 11-headed hydra
 15631 | Lair:2   | Reached XP level 13. HP: 113/116 MP: 13/13
 15713 | Lair:2   | Found a staircase to the Swamp.
 15800 | Lair:2   | Reached ****** piety under Okawaru
 15864 | Lair:2   | Received a gift from Okawaru
 16548 | Lair:3   | Found the ring of Shadows {Umbra +Inv Stlth+}
 17254 | Lair:4   | Noticed Rupert
 17283 | Lair:4   | Killed Rupert
 17593 | Lair:4   | Found a hole to the Spider Nest.
 18086 | Lair:5   | Reached skill level 15 in Shields
 18438 | Lair:5   | Found a dark tunnel.
 18447 | Volcano  | Entered a volcano
 18468 | Volcano  | Found a burning altar of Makhleb.
 18671 | Volcano  | Identified a scroll of acquirement
 18943 | Lair:5   | Received a gift from Okawaru
 19005 | Lair:5   | Found a staircase to the Slime Pits.
 19260 | Lair:5   | Got a brightly glowing flail
 19263 | Lair:5   | Identified the +3 flail "Uloiv" {antimagic, rElec rF+} (You
                  | found it on level 5 of the Lair of Beasts)
 19769 | D:13     | Noticed Nessos
 19771 | D:13     | Noticed Azrael
 19783 | D:13     | Killed Azrael
 19788 | D:13     | Killed Nessos
 20181 | D:13     | Received a gift from Okawaru
 20181 | D:13     | Reached XP level 14. HP: 125/125 MP: 15/15
 20876 | D:13     | Reached skill level 1 in Short Blades
 21463 | D:13     | Found a gate to the Vaults.
 21480 | D:13     | Reached skill level 15 in Long Blades
 21673 | Orc:1    | Entered Level 1 of the Orcish Mines
 21696 | Orc:1    | Received a gift from Okawaru
 21847 | Orc:2    | Entered Level 2 of the Orcish Mines
 21847 | Orc:2    | Found Neomo's Food Emporium.
 22173 | Orc:2    | Noticed an orc warlord
 22433 | Orc:1    | Killed an orc warlord
 22715 | Orc:2    | Paralysed by an orc sorcerer for 4 turns
 23278 | Orc:2    | Paralysed by an orc sorcerer for 3 turns
 23289 | Orc:2    | Paralysed by an orc sorcerer for 6 turns
 23567 | Orc:2    | Found a staircase to the Elven Halls.
 23698 | Orc:2    | Noticed an orc warlord
 23855 | Orc:1    | Killed an orc warlord
 23976 | Orc:2    | Paralysed by an orc sorcerer for 6 turns
 24145 | Orc:2    | Paralysed by an orc sorcerer for 4 turns
 24153 | Orc:1    | Paralysed by an orc sorcerer for 2 turns
 24481 | Orc:1    | Noticed Fannar
 24859 | Orc:2    | Found Woac's Antique Armour Boutique.
 24860 | Orc:2    | Found Zuv Pipp's Antique Weapon Shop.
 24862 | Orc:2    | Found Xiel's General Store.
 24862 | Orc:2    | Found Momask's Book Boutique.
 25136 | Orc:1    | Killed Fannar
 25136 | Orc:1    | Received a gift from Okawaru
 25145 | Orc:1    | Got a crystal lajatang {god gift}
 25147 | Orc:1    | Identified the +4 lajatang "Hell-Harrower" {freeze, rElec
                  | rPois MP-9 Dex+6} (Okawaru gifted it to you on level 1 of
                  | the Orcish Mines)
 25236 | Orc:1    | You fall into a shaft and drop 1 floor!
 25351 | Orc:1    | Paralysed by an orc sorcerer for 5 turns
 25702 | Lair:6   | Entered Level 6 of the Lair of Beasts
 25894 | Lair:6   | Reached XP level 15. HP: 121/135 MP: 16/16
 26390 | Lair:6   | Received a gift from Okawaru
 26436 | Lair:6   | Got an ebony demon blade {god gift}
 26437 | Lair:6   | Identified the +5 demon blade of Karma {venom, Str+4 Int+3}
                  | (Okawaru gifted it to you on level 6 of the Lair of Beasts)
 27259 | Swamp:1  | Entered Level 1 of the Swamp
 27347 | Swamp:1  | Found a frozen archway.
 27357 | IceCv    | Entered an ice cave
 28844 | Swamp:2  | Reached skill level 1 in Stealth
 28955 | Swamp:2  | Noticed a thorn hunter
 28968 | Swamp:2  | Noticed a thorn hunter
 28971 | Swamp:2  | Killed a thorn hunter
 28989 | Swamp:2  | Killed a thorn hunter
 29055 | Swamp:2  | Noticed a thorn hunter
 29057 | Swamp:2  | Noticed a thorn hunter
 29076 | Swamp:2  | Killed a thorn hunter
 29076 | Swamp:2  | Received a gift from Okawaru
 29088 | Swamp:2  | Killed a thorn hunter
 29251 | Swamp:2  | Got a steaming pewter ring
 29253 | Swamp:2  | Identified the ring of Naremurph {MR+ Int+3 Dex+2 Stlth+}
                  | (You found it on level 2 of the Swamp)
 29480 | Swamp:2  | Reached XP level 16. HP: 115/146 MP: 17/17
 29511 | Swamp:2  | Noticed Jorgrun
 29545 | Swamp:2  | Killed Jorgrun
 30156 | Swamp:2  | Noticed a thorn hunter
 30174 | Swamp:2  | Killed a thorn hunter
 30415 | Swamp:3  | Reached skill level 15 in Armour
 30750 | Swamp:3  | Received a gift from Okawaru
 30889 | Swamp:3  | Received a gift from Okawaru
 30943 | Swamp:3  | Got an ancient brass amulet
 30946 | Swamp:3  | Identified the amulet "Cerruitz" {Gourm +Blink rN++ MR+
                  | Dex-3} (You found it on level 3 of the Swamp)
 30948 | Swamp:3  | Identified Sif Muna's Incunabulum of Lightness and
                  | Envenoming
 32268 | Swamp:4  | Entered Level 4 of the Swamp
 32412 | Swamp:4  | Reached skill level 15 in Fighting
 32492 | Swamp:4  | Noticed a thorn hunter
 32509 | Swamp:4  | Killed a thorn hunter
 32981 | Swamp:4  | Noticed the 27-headed Lernaean hydra
 33382 | Swamp:4  | Received a gift from Okawaru
 33391 | Swamp:4  | Got a shimmering plate armour {god gift}
 33412 | Swamp:3  | Identified the +6 plate armour "Yjoet" {+Blink rN+++ Regen+
                  | Str+5} (Okawaru gifted it to you on level 4 of the Swamp)
 33446 | Swamp:3  | Killed the 27-headed Lernaean hydra
 33446 | Swamp:3  | Reached XP level 17. HP: 154/154 MP: 11/18
 33930 | Swamp:4  | Got a decaying rune of Zot
 35550 | D:15     | Entered Level 15 of the Dungeon
 35626 | D:15     | Received a gift from Okawaru
 35770 | D:15     | Got an ancient ivory ring
 35915 | D:15     | Identified the ring "Jiat" {+Fly MR+ Int+3 Stlth-} (You
                  | found it on level 15 of the Dungeon)
 36348 | D:15     | Received a gift from Okawaru
 36619 | D:15     | Found Baed's Magic Scroll Emporium.
 36641 | D:15     | Bought a scroll of teleportation for 39 gold pieces
 36911 | D:15     | Found a staircase to the Depths.
 37345 | Elf:1    | Entered Level 1 of the Elven Halls
 37993 | Elf:1    | Reached XP level 18. HP: 164/164 MP: 19/19
 38496 | Elf:2    | Found a portal to a secret trove of treasure.
 38503 | Elf:2    | Found Unulalecw's General Store.
 38512 | Elf:2    | Got a slimy chain mail
 38513 | Elf:2    | Identified the +3 chain mail "Otarphy" {rPois rF+++ MR-
                  | Int+3} (You found it on level 2 of the Elven Halls)
 38519 | Elf:2    | Bought a potion of mutation for 144 gold pieces
 38566 | Elf:2    | Found a runed translucent gate.
 38566 | Elf:2    | Found a runed translucent gate.
 38566 | Elf:2    | Found a runed translucent gate.
 38608 | Elf:2    | Received a gift from Okawaru
 39113 | Elf:2    | Got a bloodstained mace
 39114 | Elf:2    | Identified the +5 mace of Raox {crush, rC+} (You found it
                  | on level 2 of the Elven Halls)
 39634 | Elf:3    | Entered Level 3 of the Elven Halls
 39681 | Elf:3    | Noticed Asterion
 39712 | Elf:3    | Received a gift from Okawaru
 39728 | Elf:3    | Killed Asterion
 40163 | Elf:3    | Found Roupn's Armour Shop.
 40957 | Elf:3    | Identified the +1 plate armour "Nufeu" {Str+5 SInv}
 41066 | Elf:3    | Reached XP level 19. HP: 174/175 MP: 20/20
 41102 | Elf:3    | Received a gift from Okawaru
 41462 | Elf:3    | Got a heavily runed hat {god gift}
 41473 | Elf:3    | Identified the +0 hat of Okawaru's Reproof {rC+ Regen+}
                  | (Okawaru gifted it to you on level 3 of the Elven Halls)
 41568 | Elf:3    | Identified the cursed ring "Peub" {+Inv +Fly rC- Int-4
                  | Dex+4}
 41585 | Elf:3    | Noticed a Tzitzimitl
 41594 | Elf:3    | Identified the +7 trident "Transmigrator" {pierce, Stlth+}
 42307 | Elf:3    | Found the +0 sword of Power
 42314 | Elf:3    | Identified the Incunabulum of the Escort
 42395 | Elf:3    | Got an encrusted mace
 42407 | Elf:3    | Identified the +6 mace "Susionky" {antimagic, Int+3} (You
                  | found it on level 3 of the Elven Halls)
 42857 | Spider:1 | Entered Level 1 of the Spider Nest
 43915 | Spider:2 | Found a runed translucent door.
 44130 | Spider:2 | Received a gift from Okawaru
 44846 | Spider:3 | Received a gift from Okawaru
 45414 | Spider:4 | Entered Level 4 of the Spider Nest
 45625 | Spider:4 | Reached XP level 20. HP: 169/187 MP: 19/21
 45817 | Spider:4 | Got a gossamer rune of Zot
 45894 | Spider:4 | Found a runed translucent door.
 45894 | Spider:4 | Found a shimmering altar of Xom.
 45894 | Spider:4 | Noticed ijan1's ghost (adept FoFi)
 45906 | Spider:4 | Identified the +1 battleaxe of Wondrous Power {chaos, *Rage
                  | rPois rF+ Str+4}
 45945 | Spider:4 | Killed ijan1's ghost
 46709 | Vaults:1 | Entered Level 1 of the Vaults
 46865 | Vaults:1 | Found a runed translucent gate.
 46865 | Vaults:1 | Found a runed translucent gate.
 46865 | Vaults:1 | Found a runed translucent gate.
 46865 | Vaults:1 | Noticed hcgyg4s's ghost (adept SpEn)
 46866 | Vaults:1 | Noticed Neal's ghost (adept DDFi)
 46866 | Vaults:1 | Noticed Sudaz's ghost (veteran MiGl)
 46866 | Vaults:1 | Noticed Viusuagh's ghost (adept MiSk)
 46903 | Vaults:1 | Killed Viusuagh's ghost
 46903 | Vaults:1 | Received a gift from Okawaru
 46910 | Vaults:1 | Killed Neal's ghost
 46917 | Vaults:1 | Killed Sudaz's ghost
 46920 | Vaults:1 | Killed hcgyg4s's ghost
 47077 | Vaults:1 | Got a faintly glowing cloak
 47088 | Vaults:1 | Identified the +1 cloak of Feasting {Int+5} (You found it
                  | on level 1 of the Vaults)
 47639 | Vaults:1 | Noticed Saint Roka
 47650 | Vaults:1 | Killed Saint Roka
 48028 | Vaults:2 | Received a gift from Okawaru
 48124 | Vaults:2 | Reached XP level 21. HP: 198/198 MP: 22/22
 48141 | Vaults:2 | Reached skill level 27 in Shields
 48238 | Vaults:2 | Got a brightly glowing lead ring
 48255 | Vaults:2 | Received a gift from Okawaru
 48262 | Vaults:2 | Found a ruined gateway.
 48278 | Desolati | Entered the Desolation of Salt
 48537 | Desolati | Identified the +8 chain mail of Ennui {rElec Int+3}
 48537 | Desolati | Identified the ring "Sylod" {rPois rC+ rN++}
 48546 | Desolati | Identified the ring "Vohuil" {rElec MP+9 Dex+4}
 48567 | Desolati | Identified the ring "Bujefori" {rN+ MP+9 AC+5 Str-4 Dex+2}
                  | (You found it on level 2 of the Vaults)
 48602 | Desolati | Identified the Almanac of Dislocation and Flames
 48606 | Desolati | Got a twisted ring mail
 48607 | Desolati | Identified the +3 ring mail "Qoteanuost" {Slay+2} (You
                  | found it in the Desolation of Salt)
 48917 | Desolati | Got a glittering crystal amulet
 48918 | Desolati | Identified the amulet of Hospitality {Reflect Slay+2 SH+2}
                  | (You found it in the Desolation of Salt)
 48921 | Desolati | Got a pair of fine gloves
 48932 | Desolati | Identified the +0 pair of gloves of Vigiffot {Regen+ Int+2
                  | SInv} (You found it in the Desolation of Salt)
 49075 | Desolati | Found the +2 cloak of the Thief {+Fog Slay-2 SInv Stlth+}
 49086 | Desolati | Got a faintly glowing iron ring
 49087 | Desolati | Identified the ring of Tomorrow {rPois Int+2} (You found it
                  | in the Desolation of Salt)
 49098 | Desolati | Got a heavily runed plate armour
 49099 | Desolati | Identified the cursed +0 plate armour of the Evil One
                  | {rElec rC- MR+ Str+4} (You found it in the Desolation of
                  | Salt)
 49104 | Desolati | Got a warped flail
 49108 | Desolati | Identified the +5 flail "Giantbane" {crush, Dex+5} (You
                  | found it in the Desolation of Salt)
 50162 | Vaults:2 | Received a gift from Okawaru
 51159 | Vaults:3 | Noticed Margery
 51169 | Vaults:3 | Killed Margery
 51205 | Vaults:3 | Noticed Nikola
 51223 | Vaults:3 | Killed Nikola
 51241 | Vaults:3 | Reached XP level 22. HP: 211/211 MP: 23/23
 51418 | Vaults:3 | Found a staircase to the Crypt.
 51648 | Vaults:3 | Received a gift from Okawaru
 52093 | Vaults:4 | Received a gift from Okawaru
 52216 | Vaults:4 | Identified Icok's Guide on Enthralling Flames
 52474 | Vaults:4 | Noticed Aizul
 52488 | Vaults:4 | Killed Aizul
 52558 | Vaults:4 | Received a gift from Okawaru
 52564 | Vaults:4 | Got a crystal long sword {god gift}
 52565 | Vaults:4 | Identified the +1 long sword of Asijat {slice, +Inv rF++
                  | SInv} (Okawaru gifted it to you on level 4 of the Vaults)
 52785 | Vaults:4 | Reached skill level 5 in Dodging
 53072 | Vaults:4 | Got a slimy amber ring
 53073 | Vaults:4 | Identified the ring "Nyfogudyd" {rCorr Int+2} (You found it
                  | on level 4 of the Vaults)
 53183 | Vaults:5 | Entered Level 5 of the Vaults
 53216 | Vaults:4 | Received a gift from Okawaru
 53529 | Vaults:5 | Noticed Mara
 53541 | Vaults:5 | Noticed Peloso's illusion
 53543 | Vaults:5 | Reached XP level 23. HP: 91/225 MP: 24/24
 53871 | Vaults:4 | Cast into level 2 of the Abyss (deep elf knight)
 53871 | Crypt:1  | Entered Level 1 of the Crypt
 53914 | Vaults:4 | Escaped the Abyss
 53952 | Vaults:5 | Noticed Peloso's illusion
 53966 | Vaults:4 | Killed Mara
 53966 | Vaults:4 | Received a gift from Okawaru
 54131 | Vaults:5 | Received a gift from Okawaru
 54527 | Vaults:5 | Noticed an ancient lich
 54546 | Vaults:5 | Killed an ancient lich
 54728 | Vaults:5 | Identified the cursed +0 fustibalus "Icweesh" {flame,
                  | rPois}
 54771 | Vaults:5 | Received a gift from Okawaru
 54786 | Vaults:5 | Got a crude double sword {god gift}
 54787 | Vaults:5 | Identified the +1 double sword "Xiozis" {slice, rPois rF++
                  | Str+4} (Okawaru gifted it to you on level 5 of the Vaults)
 54806 | Vaults:5 | Got a pair of ichor-stained gloves {god gift}
 54817 | Vaults:5 | Identified the +1 pair of gloves of the Pirate {+Inv rF+
                  | Int+2} (Okawaru gifted it to you on level 5 of the Vaults)
 55084 | Vaults:5 | Identified the +2 leather armour "Reqol" {rElec Str+2}
 55096 | Vaults:5 | Identified the cursed +1 scale mail of Winter {rN+}
 55096 | Vaults:5 | Identified the ring "Jorajith" {MP+9 EV+5}
 55153 | Vaults:5 | Identified Sif Muna's Disquisition on Clay and the
                  | Frostbite
 55161 | Vaults:5 | Identified the Disquisition on the Earthen Arsonist
 55165 | Vaults:5 | Got a bone mace
 55168 | Vaults:5 | Identified the +3 mace of Outrage {pain, rPois rF++ rN+}
                  | (You found it on level 5 of the Vaults)
 55196 | Vaults:5 | Identified the +2 halberd of Frustration {drain, *Rage rF++
                  | Dex+3}
 55345 | Vaults:5 | Identified the cursed +1 chain mail of the Abyss {MR- rCorr
                  | Int+4 Dex+10}
 55345 | Vaults:5 | Identified the amulet of Propriety {+Rage rF++ Str-4}
 55354 | Vaults:5 | Reached XP level 24. HP: 196/238 MP: 24/24
 56516 | Vaults:5 | Received a gift from Okawaru
 56532 | Vaults:5 | Got a faintly humming ring mail
 56533 | Vaults:5 | Identified the +4 ring mail of Bitterness {rN+ Regen+
                  | Slay+4 Stlth+} (You found it on level 5 of the Vaults)
 56660 | Vaults:5 | Got a silver rune of Zot
 56976 | Depths:1 | Entered Level 1 of the Depths
 57407 | Depths:1 | Received a gift from Okawaru
 57455 | Depths:1 | Found a gateway to Hell.
 57471 | Depths:1 | Found Henwatal's Assorted Antiques.
 57479 | Depths:1 | Bought a warped turquoise ring for 155 gold pieces
 57479 | Depths:1 | Identified the ring of Haig {Ice Int+4 Dex+2} (You bought
                  | it in a shop on level 1 of the Depths)
 57483 | Depths:1 | Found Daasseq's Assorted Antiques.
 57502 | Depths:1 | Bought a crude lapis lazuli ring for 135 gold pieces
 57502 | Depths:1 | Identified the ring "Ziof" {rPois MR+} (You bought it in a
                  | shop on level 1 of the Depths)
 57644 | Depths:1 | Found a transporter.
 57650 | Depths:1 | Noticed Usmir's ghost (master KoEn)
 57661 | Depths:1 | Found a transporter.
 57914 | Depths:1 | Found Jissuc's Gadget Shoppe.
 57919 | Depths:1 | Bought a wand of digging (7) for 330 gold pieces
 57927 | Depths:1 | Found Mitru's Weapon Shop.
 57941 | Depths:1 | Found Zykut's Book Shoppe.
 58157 | Depths:1 | Killed Usmir's ghost
 58181 | Depths:1 | Got a vibrating amber ring
 58182 | Depths:1 | Identified the ring "Vewnis" {Wiz Dex+3} (You found it on
                  | level 1 of the Depths)
 59155 | Depths:1 | Received a gift from Okawaru
 59163 | Depths:1 | Got a scorched cloak {god gift}
 59174 | Depths:1 | Identified the +3 cloak "Coniahys" {rElec Regen+} (Okawaru
                  | gifted it to you on level 1 of the Depths)
 59405 | Depths:2 | Reached XP level 25. HP: 239/250 MP: 24/24
 59566 | Depths:2 | Identified the Catalogue of Shifting Cold
 60326 | Depths:3 | Found a one-way gate to the infinite horrors of the Abyss.
 60326 | Depths:3 | Noticed Louise
 60345 | Depths:3 | Killed Louise
 60351 | Depths:3 | Found Fohasep's Gadget Shop.
 60364 | Depths:3 | Found Kaupukk's Jewellery Shoppe.
 60365 | Depths:3 | Found Zaeliesm's Gadget Shop.
 60394 | Depths:3 | Found Zaludula's Food Boutique.
 60421 | Depths:3 | Received a gift from Okawaru
 60424 | Depths:3 | Got an ancient scale mail {god gift}
 60425 | Depths:3 | Identified the +1 scale mail of the Constellations {Str+4}
                  | (Okawaru gifted it to you on level 3 of the Depths)
 60545 | Depths:3 | Found a snail-covered altar of Cheibriados.
 60591 | Depths:3 | Found a one-way gate leading to the halls of Pandemonium.
 60709 | Depths:3 | Found a gateway to a ziggurat.
 60998 | Crypt:1  | Entered Level 1 of the Crypt
 61624 | Crypt:1  | Identified the Almanac of Dark Arts
 61999 | Crypt:2  | Noticed Xtahua
 62001 | Crypt:2  | Noticed Jory
 62009 | Crypt:2  | Killed Jory
 62009 | Crypt:2  | Received a gift from Okawaru
 62023 | Crypt:2  | Killed Xtahua
 62172 | Crypt:2  | Identified the cursed +0 rapier of the Toadstool {drain,
                  | +Fly}
 62256 | Crypt:2  | Found a basalt altar of Yredelemnul.
 62286 | Crypt:2  | Reached XP level 26. HP: 174/264 MP: 24/24
 62605 | Crypt:3  | Entered Level 3 of the Crypt
 62612 | Crypt:3  | Reached skill level 27 in Fighting
 62732 | Crypt:3  | Found a staircase to the Tomb.
 62967 | Crypt:3  | Got a transparent platinum ring
 62967 | Crypt:3  | Got a bound pewter ring
 62967 | Crypt:3  | Got a flickering ivory ring
 63000 | Crypt:3  | Noticed an ancient lich
 63001 | Crypt:3  | Found an ancient bone altar of Kikubaaqudgha.
 63010 | Crypt:3  | Killed an ancient lich
 63010 | Crypt:3  | Received a gift from Okawaru
 63010 | Crypt:3  | Reached skill level 27 in Long Blades
 63046 | Crypt:3  | Found the +10 large shield of Ignorance {rN+ Int-4}
 63054 | Crypt:3  | Identified the ring "Umyrphat" {rN+ Dex+2 SInv} (You found
                  | it on level 3 of the Crypt)
 63055 | Crypt:3  | Identified the ring of Guoxug {rN+ Stlth+} (You found it on
                  | level 3 of the Crypt)
 63056 | Crypt:3  | Identified the ring of Uskayaw's Approval {-Tele rElec rF+
                  | rN+ Str+4} (You found it on level 3 of the Crypt)
 63298 | Crypt:3  | Identified Mijoisa's Papyrus of Stolen Souls
 64339 | Depths:4 | Found a runed translucent gate.
 64340 | Depths:4 | Found a runed translucent gate.
 64340 | Depths:4 | Found a runed translucent gate.
 64442 | Depths:4 | Received a gift from Okawaru
 64444 | Depths:4 | Noticed Mennas
 64474 | Depths:4 | Killed Mennas
 64486 | Depths:4 | Received a gift from Okawaru
 64648 | Depths:4 | You fall into a shaft and drop 1 floor!
 64648 | Depths:5 | Entered Level 5 of the Depths
 64734 | Depths:5 | Reached skill level 10 in Dodging
 64796 | Depths:5 | Found a gate to the Realm of Zot.
 65219 | Depths:5 | Reached XP level 27. HP: 249/273 MP: 24/24
 65274 | Depths:5 | Received a gift from Okawaru
 66010 | Depths:4 | Received a gift from Okawaru
 66025 | Depths:4 | Got a shimmering hunting sling {god gift}
 66026 | Depths:4 | Identified the +12 hunting sling of Yzoe {venom, rN+ Str+5
                  | Int-5 Dex+2} (Okawaru gifted it to you on level 4 of the
                  | Depths)
 66033 | Depths:4 | Found a runed translucent gate.
 66033 | Depths:4 | Found a runed translucent gate.
 66033 | Depths:4 | Noticed Datakk Veap's ghost (master HuAK)
 66038 | Depths:4 | Found a runed translucent gate.
 66075 | Depths:4 | Gained mutation: You tend to lose your temper in combat. [a
                  | cacodemon]
 66089 | Depths:4 | Killed Datakk Veap's ghost
 66100 | Depths:4 | Gained mutation: Scrolls take you a little longer to read.
                  | [a cacodemon]
 66138 | Depths:4 | Got a pair of twisted gloves
 66152 | Depths:4 | Identified the +2 pair of gloves of Vexation {rPois} (You
                  | found it on level 4 of the Depths)
 66202 | Depths:4 | Gained mutation: You are clumsy. (Dex -2) [mutagenic glow]
 66259 | Depths:3 | Gained mutation: You do not regenerate when monsters are
                  | visible. [mutagenic glow]
 66858 | Slime:1  | Entered Level 1 of the Pits of Slime
 66890 | Slime:1  | Gained mutation: Your body sometimes deteriorates upon
                  | taking damage. [a shining eye]
 66892 | Slime:1  | Gained mutation: Potions are less effective at restoring
                  | your health. [a shining eye]
 67319 | Slime:3  | Received a gift from Okawaru
 67478 | Slime:5  | Entered Level 5 of the Pits of Slime
 67557 | Slime:5  | Noticed the Royal Jelly
 67575 | Slime:5  | Killed the Royal Jelly
 67581 | Slime:5  | Slain by an azure jelly

Levels and vault maps discovered:
D:1:      shiori_arrival_oz, layout_basic, corexii_corridor_pit
D:2:      layout_basic
D:3:      layout_loops_corners, overflow_temple_1_default, first_ration,
          nicolae_ru_the_path_less_chosen
D:4:      layout_cave_pods, lemuel_coloured_pillars_altar,
          minmay_temple_entry_trees, uniq_ijyb
D:5:      layout_layer_cave, grunt_temple_overflow_diamond,
          nicolae_ossuary_entry_ruins, nicolae_elemental_shop
D:6:      layout_basic, okawaru_metal_pillars_1_2,
          chequers_temple_overflow_statue_of_worship, basic_altar,
          gammafunk_ghost_necromancy, grunt_dithmenos_smoke_and_mirrors
D:7:      layout_gridville, lemuel_doored_altar
D:8:      layout_basic, uniq_maurice
D:9:      layout_cave_pods, kiku_gazebo_pond_becter, david_orc_2
D:10:     layout_rooms, david_lair_shrubbed, grunt_pizzeria, lemuel_oklob_altar
D:11:     layout_big_octagon, tso_metal_star, uniq_josephine
D:12:     layout_basic, serial_co_window_serial, co_window_paths_a,
          co_window_paths_a, co_window_paths_b, co_window_corner_a,
          co_window_paths_b, co_window_broadway_b, co_window_2corner,
          co_window_2corner, co_window_2corner, co_window_4corner_b,
          co_window_sun, glass_columns_b, glass_columns_b, glass_columns_b,
          glass_columns_b, gauntlet_entry_generic
D:13:     layout_loops_corners, grunt_vaults_entry_fortified, uniq_azrael,
          uniq_nessos
D:14:     minmay_wavy_crystal, layout_long_grid
D:15:     grunt_enter_depths_snipers, layout_loops_corners,
          minmay_misc_feat_cross, serial_shops, nicolae_shop_statue_plus,
          minmay_radiant
Temple:   nicolae_temple_no_exploring_needed
Lair:1:   cheibrodos_lair_river_kwai, layout_small_grid, basic_altar
Lair:2:   layout_hall_layers, swamp_mist
Lair:3:   layout_regular_city
Lair:4:   layout_cave_pods, spider_nest_entry_rubble, uniq_rupert
Lair:5:   layout_regular_city, nicolae_slime_entry_slimehenge,
          lightli_volcano_entry_magma_tube, serial_bayou_pond_e
Lair:6:   evilmike_catoblepas_cave, layout_gridlike, grunt_megastairs_1
Swamp:1:  layout_basic_swamp, portal_ice_cave_entry_pillars_1,
          nicolae_swamp_round_clearing
Swamp:2:  nicolae_swamp_phyte_club, layout_basic_swamp, hangedman_swamp_pad,
          uniq_jorgrun
Swamp:3:  cheibrodos_swamp_mausoleum, layout_basic_swamp,
          hangedman_swamp_diagram
Swamp:4:  swamp_old_school, layout_basic_swamp, swamp_pool2
Spider:1: layout_spider_delve
Spider:2: cheibrodos_spider_deadly_dance
Spider:3: layout_spider_delve, drop_trap
Spider:4: grunt_spider_rune_circles, ebering_ghost_xom, spiders_nest_hornet_nest
Slime:1:  layout_caves
Slime:2:  layout_caves
Slime:3:  layout_caves
Slime:4:  layout_caves, nicolae_slime_barrier
Slime:5
Orc:1:    layout_caves, rock_pile, uniq_fannar
Orc:2:    st_orc_congregation, layout_caves, serial_shops, shop,
          nicolae_orc_sculptors_studio
Elf:1:    minmay_elf_arrival_summoners, layout_geoelf_grid, evilmike_minifort
Elf:2:    layout_geoelf_grid, enter_trove_2, serial_shops, shop,
          minmay_misc_feat_pillars
Elf:3:    minmay_elf_hall_x, layout_onion_city, serial_shops, shop,
          uniq_asterion, uniq_louise
Vaults:1: gammafunk_vaults_ghost_cemetery, ontoclasm_vaults_misaligned,
          nicolae_vaults_stairing_the_circle, v_misc_24,
          nicolae_vaults_network_barrier,
          vaults_standard_mumra_enter_the_diamond, vaults_room_stairs_pillars,
          nicolae_vaults_mini_display_case, v_misc_25, nicolae_vaults_asterisk,
          hangedman_vaults_maws, vaults_dpeg_cross, layout_vaults_ring,
          uniq_saint_roka
Vaults:2: hangedman_vaults_restitches, ontoclasm_vaults_idyll,
          vaults_room_stairs_pillars, vaults_standard_mumra_enter_the_diamond,
          v_pattern_2, hangedman_vaults_capsules, nicolae_vaults_triangles,
          vaults_room_door_hall, vaults_room_large_hall, v_alt_pattern_4,
          v_misc_13, layout_vaults_omnibox, portal_desolation_entry_salt
Vaults:3: v_misc_11, v_misc_27, v_misc_11, ontoclasm_vaults_chip,
          vaults_room_hallway, nicolae_vaults_little_squares_2,
          grunt_vaults_hallway_long, v_misc_26, vaults_mumra_hex,
          layout_vaults_quadrants, dummy_crypt_entry, uniq_margery, uniq_nikola
Vaults:4: ontoclasm_vaults_hangar, hangedman_vaults_variations, st_lines,
          ontoclasm_vaults_chip, hangedman_vaults_hat, hangedman_vaults_pinch,
          dpeg_vaults_monster_box, layout_vaults_omnicross, uniq_aizul
Vaults:5: serial_shops, uniq_mara
Crypt:1:  layout_misc_corridors, special_room [special_room_morgue]
Crypt:2:  layout_basic, basic_altar, st_stairs_9, uniq_jory, uniq_xtahua
Crypt:3:  cryptofortress_bobbens
Depths:1: layout_twisted_cross, hell_entry, serial_shops, shop, shop, shop,
          shop, shop, gammafunk_ghost_berserking_beasts, minmay_splitting_lines,
          evilmike_ambush [evilmike_ambush_outer_pillars,
          evilmike_ambush_inner_basic], grunt_megastairs_2
Depths:2: minmay_the_grid_octo_tiled_octocenter_mashed
          [minmay_the_grid_octo_pinwheel, minmay_the_grid_octo_concentric,
          minmay_the_grid_octo_checkerflower, minmay_the_grid_octo_fat_diamond,
          minmay_the_grid_octo_prize_star, minmay_the_grid_square_5x5_one_wall,
          minmay_the_grid_square_5x5_six,
          minmay_the_grid_square_5x5_broken_cross,
          minmay_the_grid_square_5x5_bridge], layout_basic,
          kennysheep_nondescript, serial_glass, glass_columns_b,
          glass_columns_b, pf_hell_entry_tar_river, minmay_staircase_bubble
Depths:3: grunt_bruiser_brothers, layout_cave_shapes, enter_ziggurat_c,
          hell_entry, nicolae_abyss_entry_one_way_or_another,
          cheibriados_altar_1, grunt_pan_entry_zigzag, serial_shops, shop_coins,
          minmay_shop_grove
Depths:4: minmay_guarded_unrand_sceptre_of_torment, layout_cave_pools,
          abyss_entry, kennysheep_decorative_pillar,
          ploomutoo_gammafunk_ghost_potion_laboratory,
          grunt_hell_entry_dis_grunt, uniq_mennas
Depths:5: evilmike_zot_entry_gauntlet, layout_cave_pools, abyss_entry,
          grunt_metal_band

Skill      XL: |  1  2  3  4  5  6  7  8  9 10 11 12 13 14 15 16 17 18 19 20 21 22 23 24 25 26 27 |
---------------+----------------------------------------------------------------------------------+-----
Long Blades    | 3 4 5 6 7 8 10 11 12 14 15 16 17 18 19 20 21 22 23 25 26 27 | 27.0
Armour         | 4 5 6 7 9 10 11 12 13 14 15 16 17 18 19 20 21 24 26 | 26.0
Fighting       | 4 5 6 7 8 10 11 13 14 15 16 17 18 19 20 22 24 25 26 27 | 27.0
Shields        | 4 5 6 7 8 10 12 14 16 18 20 21 23 24 25 26 27 | 27.0
Dodging        | 1 2 3 4 5 6 7 8 11 12 | 12.4
Invocations    | 1 2 3 |  3.5
Evocations     | 1 2 3 |  3.8
Short Blades   | 1 |  1.0
Stealth        | 1 2 3 |  3.3

Action                   |  1- 3 |  4- 6 |  7- 9 | 10-12 | 13-15 | 16-18 | 19-21 | 22-24 | 25-27 || total
-------------------------+-------+-------+-------+-------+-------+-------+-------+-------+-------++-------
Melee: Long sword        |   114 |   186 |   352 |       |       |       |       |       |       ||   652
       Headbutt          |    13 |    26 |   105 |   245 |   561 |   541 |   335 |   334 |   475 ||  2635
       Falchion          |       |       |   154 |   868 |   420 |       |       |       |       ||  1442
       Scimitar          |       |       |       |       |  1129 |   216 |       |       |       ||  1345
       Rapier            |       |       |       |       |     6 |       |       |       |       ||     6
       Demon blade       |       |       |       |       |   139 |   929 |       |       |       ||  1068
       Double sword      |       |       |       |       |       |   631 |  1306 |   975 |  1329 ||  4241
Invok: Heroism           |       |       |       |    13 |    16 |     3 |     2 |       |     1 ||    35
       Finesse           |       |       |       |     2 |       |     1 |       |       |       ||     3
Evoke: Wand              |       |       |     3 |     4 |     8 |     5 |     5 |     6 |     2 ||    33
  Use: Potion            |     1 |     3 |     1 |     2 |       |     2 |     6 |     1 |     4 ||    20
       Scroll            |       |     5 |       |    13 |    14 |    15 |    10 |    10 |    11 ||    78
 Stab: Confused          |       |       |       |       |       |     4 |       |       |       ||     4
       Distracted        |       |       |       |       |       |       |     1 |       |       ||     1
  Eat: Chunk             |     1 |     4 |    14 |    13 |    38 |    56 |    33 |    27 |    19 ||   205
       Ration            |       |     1 |     1 |     4 |     2 |       |       |       |       ||     8
Armor: Scale mail        |    41 |    25 |       |       |       |       |       |       |       ||    66
       Chain mail        |       |   103 |    97 |       |       |       |       |       |       ||   200
       Plate armour      |       |       |   164 |   205 |     4 |   417 |   393 |   446 |   422 ||  2051
       Crystal plate arm |       |       |       |   236 |   538 |   419 |       |       |       ||  1193
Dodge: Dodged            |    30 |    78 |   127 |   185 |   282 |   379 |   259 |   335 |   375 ||  2050
Block: Shield            |    52 |    90 |   273 |   403 |       |       |       |       |       ||   818
       Large shield      |       |       |       |   183 |  1627 |  2062 |  1589 |  1476 |  1628 ||  8565
       Rpst.: Long sword |     7 |    16 |    23 |       |       |       |       |       |       ||    46
       Falchion          |       |       |    10 |    58 |    21 |       |       |       |       ||    89
       Scimitar          |       |       |       |       |    43 |    13 |       |       |       ||    56
       Demon blade       |       |       |       |       |     8 |    27 |       |       |       ||    35
       Double sword      |       |       |       |       |       |    22 |    57 |    50 |    63 ||   192

Table legend:
 A = Non-vault XP
 B = Vault XP
 C = Vault XP percentage of total XP
 D = Non-vault monster count
 E = Vault monster count
 F = Vault count percentage of total count
                 A         B        C        D         E       F
            +---------+---------+-------+---------+---------+-------
      Total |  747239 |  869258 |  53.8 |    1679 |    1063 |  38.8
            +---------+---------+-------+---------+---------+-------
        D:1 |      31 |       4 |  11.4 |      18 |       2 |  10.0
        D:2 |      94 |       0 |   0.0 |      23 |       0 |   0.0
        D:3 |     254 |       0 |   0.0 |      36 |       0 |   0.0
        D:4 |     395 |      40 |   9.2 |      23 |       1 |   4.2
        D:5 |     430 |       0 |   0.0 |      22 |       0 |   0.0
        D:6 |     844 |     532 |  38.7 |      16 |       5 |  23.8
        D:7 |    1690 |       0 |   0.0 |      42 |       0 |   0.0
        D:8 |    3144 |     449 |  12.5 |      40 |       1 |   2.4
        D:9 |    1555 |     158 |   9.2 |      25 |       8 |  24.2
       D:10 |    4251 |    1082 |  20.3 |      26 |       3 |  10.3
       D:11 |    5121 |    1897 |  27.0 |      41 |       5 |  10.9
       D:12 |    4243 |       0 |   0.0 |      22 |       0 |   0.0
       D:13 |    6519 |   10323 |  61.3 |      22 |      20 |  47.6
       D:14 |   13159 |    1147 |   8.0 |      47 |       3 |   6.0
       D:15 |   27469 |   20024 |  42.2 |      56 |      21 |  27.3
     Lair:1 |    5020 |    3030 |  37.6 |      17 |       7 |  29.2
     Lair:2 |    2822 |       0 |   0.0 |      12 |       0 |   0.0
     Lair:3 |     471 |       0 |   0.0 |       4 |       0 |   0.0
     Lair:4 |    1542 |    3536 |  69.6 |       9 |       2 |  18.2
     Lair:5 |    7533 |     223 |   2.9 |      29 |       6 |  17.1
     Lair:6 |    9561 |   13322 |  58.2 |      39 |      29 |  42.6
    Swamp:1 |    8264 |       0 |   0.0 |      26 |       0 |   0.0
    Swamp:2 |   17151 |   14475 |  45.8 |      44 |       9 |  17.0
    Swamp:3 |   15964 |   14817 |  48.1 |      45 |      37 |  45.1
    Swamp:4 |   19886 |   13398 |  40.3 |      38 |      23 |  37.7
   Spider:1 |   13068 |       0 |   0.0 |      41 |       0 |   0.0
   Spider:2 |    7043 |    8608 |  55.0 |      14 |      18 |  56.2
   Spider:3 |   23182 |       0 |   0.0 |      56 |       0 |   0.0
   Spider:4 |   12495 |   28263 |  69.3 |      29 |      48 |  62.3
    Slime:1 |    9664 |       0 |   0.0 |      25 |       0 |   0.0
    Slime:2 |   13475 |       0 |   0.0 |      21 |       0 |   0.0
    Slime:3 |   10650 |       0 |   0.0 |      22 |       0 |   0.0
    Slime:4 |    1049 |       0 |   0.0 |       4 |       0 |   0.0
    Slime:5 |    2623 |   25665 |  90.7 |       6 |       6 |  50.0
      Orc:1 |    7010 |    6959 |  49.8 |      23 |      17 |  42.5
      Orc:2 |    2514 |    5925 |  70.2 |      33 |      54 |  62.1
      Elf:1 |   16688 |   12384 |  42.6 |      26 |      19 |  42.2
      Elf:2 |   19985 |   23463 |  54.0 |      33 |      29 |  46.8
      Elf:3 |   23938 |   42118 |  63.8 |      36 |      29 |  44.6
   Vaults:1 |   36289 |   26357 |  42.1 |      61 |      27 |  30.7
   Vaults:2 |   28725 |   23865 |  45.4 |      55 |      30 |  35.3
   Vaults:3 |   24206 |   38154 |  61.2 |      47 |      38 |  44.7
   Vaults:4 |   37199 |   83882 |  69.3 |      50 |      72 |  59.0
   Vaults:5 |   40827 |  107496 |  72.5 |      60 |      64 |  51.6
    Crypt:1 |   33135 |   28295 |  46.1 |      54 |      24 |  30.8
    Crypt:2 |   35442 |   10686 |  23.2 |      53 |       4 |   7.0
    Crypt:3 |       0 |   60520 | 100.0 |       0 |      80 | 100.0
   Depths:1 |   30361 |   55791 |  64.8 |      41 |      41 |  50.0
   Depths:2 |   29689 |   29001 |  49.4 |      47 |      30 |  39.0
   Depths:3 |   34460 |   13514 |  28.2 |      38 |      29 |  43.3
   Depths:4 |   37955 |   44801 |  54.1 |      36 |      28 |  43.8
   Depths:5 |   57350 |   28182 |  32.9 |      44 |      27 |  38.0
    Ossuary |       0 |     247 | 100.0 |       0 |      14 | 100.0
      IceCv |       0 |    6054 | 100.0 |       0 |      32 | 100.0
    Volcano |       0 |    4754 | 100.0 |       0 |       8 | 100.0
 Desolation |       0 |   52857 | 100.0 |       0 |     103 | 100.0
   Gauntlet |     804 |    2960 |  78.6 |       2 |      10 |  83.3
            +---------+---------+-------+---------+---------+-------
